 Dungeon Crawl Stone Soup version 0.23-a0-295-g2e428d4 (webtiles) character file.

16 varaam the Cudgeler (level 2, 0/24 HPs)
             Began as a Draconian Skald on Oct 4, 2018.
             Slain by a gnoll
             ... wielding a +1 spear of freezing
              (5 damage)
             ... on level 1 of the Dungeon.
             The game lasted 00:02:00 (914 turns).

varaam the Cudgeler (Draconian Skald)                Turns: 914, Time: 00:02:01

Health: 0/24       AC:  4    Str: 13    XL:     2   Next: 37%
Magic:  3/5        EV: 12    Int: 13    God:
Gold:   46         SH:  0    Dex: 10    Spells: 4/5 levels left

rFire    . . .     SeeInvis .   a - +0 mace
rCold    . . .     Gourm    .   (no shield)
rNeg     . . .     Faith    .   (armour unavailable)
rPois    .         Spirit   .   (helmet restricted)
rElec    .         Reflect  .   (no cloak)
rCorr    .         Harm     .   (no gloves)
MR       .....                  (no boots)
Stlth    +.........             (no amulet)
HPRegen  0.08/turn              (no ring)
MPRegen  0.09/turn              (no ring)

@: infused, slowed, very slow
A: unfitting armour, cold-blooded, AC +4
a: no special abilities


You were on level 1 of the Dungeon.
You were not hungry.

You visited 1 branch of the dungeon, and saw 1 of its levels.

You collected 46 gold pieces.

Inventory:

Hand Weapons
 a - a +0 mace (weapon)
Missiles
 Q - 80 stones (quivered)
Scrolls
 e - a scroll of fear {unknown}
Potions
 d - a potion of flight {unknown}
Comestibles
 b - 2 chunks of flesh
 c - 3 rations


   Skills:
 - Level 2.1 Fighting
 + Level 3.1 Maces & Flails
 - Level 2.1 Dodging
 - Level 2.0 Spellcasting
 - Level 2.6 Charms


You had 4 spell levels left.
You knew the following spells:

 Your Spells              Type           Power        Failure   Level  Hunger
a - Infusion              Chrm           #...         9%          1    ##.....

Your spell library contained the following spells:

 Spells                   Type           Power        Failure   Level  Hunger
 Song of Slaying          Chrm           #.......     13%         2    ###....
 Shroud of Golubria       Chrm/Tloc      #.........   22%         2    ###....
 Regeneration             Chrm/Necr      #.........   41%         3    ####...
 Spectral Weapon          Hex/Chrm       #.......     41%         3    ####...


Dungeon Overview and Level Annotations

Branches:
Dungeon (1/15)

Altars:


Innate Abilities, Weirdness & Mutations

Your plain brown scales are hard. (AC +4)
You cannot fit into any form of body armour.
You are cold-blooded and may be slowed by cold attacks.


Message History

You hit the gnoll.
The gnoll hits you with a spear of freezing!
* * * LOW HITPOINT WARNING * * *
You feel yourself slow down. The gnoll freezes you.
* * * LOW HITPOINT WARNING * * *
You take 11 damage, and have 7/24 hp.
MASSIVE DAMAGE!!
You now have 3/5 mp.
Here: a gnoll, wielding a spear of freezing (moderately wounded)
The floor, spattered with blood.
Unknown command.
The gnoll hits you from afar with a spear of freezing.
* * * LOW HITPOINT WARNING * * *
You feel as though you will be slow longer.
The gnoll freezes you.
* * * LOW HITPOINT WARNING * * *
You take 2 damage, and have 5/24 hp.
The gnoll hits you from afar with a spear of freezing.
You die...

..# .. ..##.. ##. ...... #.. # #
#.##.# #.# #.###.#.##.# #.#
#.....#.##.###.#
........##.##..######## ##
#..#..##.##.#.......## .#
#.......g.@...##.##..##
.........#.##.###...#.#.#.#.#####
#.#... #. #.##.....###รท........
# #.. .. #.##.#..#.#.#.#.##### ##
... ### #.#....[...##..## (## #.#
#......)...[..## ..###.##
###..####.##### # #.##...#
##....##.# # #.##...# #...#.##.#
###


You could see a gnoll.

Vault maps used:
D:1:      dpeg_arrival_leaves_temple_mockup, minmay_fountain_box

Notes
Turn   | Place    | Note
-------+----------+-------------------------------------------
     0 | D:1      | varaam the Draconian Skald began the quest for the Orb.
     0 | D:1      | Reached XP level 1. HP: 17/17 MP: 3/3
   438 | D:1      | Reached XP level 2. HP: 18/24 MP: 5/5
   720 | D:1      | Reached skill level 3 in Maces & Flails
   913 | D:1      | HP: 6/24 [gnoll/spear of freezing (1)]
   914 | D:1      | Identified a +1 spear of freezing
   914 | D:1      | Slain by a gnoll

Table legend:
 A = Turns spent in this place as a percentage of turns spent in the entire game.
 B = Non-inter-level travel turns spent in this place as a percentage of non-inter-level travel turns spent in the entire game.
 C = Inter-level travel turns spent in this place as a percentage of turns spent in this place.
 D = Turns resting spent in this place as a percentage of non-inter-level travel turns spent in this place.
 E = Turns spent auto-exploring this place as a percentage of non-inter-level travel turns spent in this place.
 F = Non-inter-level travel turns spent in this place divided by the number of levels of this place that you've seen.
                   A       B       C       D       E      F
               +-------+-------+-------+-------+-------+----------------------
         Total | 100.0 | 100.0 |   0.0 |   0.0 |  83.3 | 914.0
       Dungeon | 100.0 | 100.0 |   0.0 |   0.0 |  83.3 | 914.0
               +-------+-------+-------+-------+-------+----------------------

Table legend:
 A = Kills in this place as a percentage of kills in entire the game.
 B = Kills by you in this place as a percentage of kills by you in the entire game.
 C = Kills by friends in this place as a percentage of kills by friends in the entire game.
 D = Other kills in this place as a percentage of other kills in the entire game.
 E = Experience gained in this place as a percentage of experience gained in the entire game.
 F = Experience gained in this place divided by the number of levels of this place that you have seen.
                   A       B       C       D       E      F
               +-------+-------+-------+-------+-------+----------------------
         Total | 100.0 | 100.0 |   N/A |   N/A | 100.0 |  23.0
       Dungeon | 100.0 | 100.0 |   N/A |   N/A | 100.0 |  23.0
               +-------+-------+-------+-------+-------+----------------------

Skill      XL: |  1  2 |
---------------+-------+-----
Maces & Flails | 3 |  3.1
Fighting       | |  2.1
Dodging        | |  2.1
Spellcasting   | |  2.0
Charms         | |  2.6

Action                   || total
-------------------------++-------
Melee: Mace              ||    40
       Tailslap          ||     2
Throw: Stone             ||     2
 Cast: Infusion          ||     7
Armor: Skin              ||    14
Dodge: Dodged            ||    30

Vanquished Creatures
  3 leopard geckos (D:1)
  A bat (D:1)
  A giant cockroach (D:1)
  4 hobgoblins (D:1)
  A frilled lizard (D:1)
  A rat (D:1)
11 creatures vanquished.
